 Dungeon Crawl Stone Soup version 0.30-a0-311-gf115ab0292 (webtiles) character file.

Game seed: 1631915085285026382

2791 ytrimaz the Nimble (level 9, 0/59 HPs)
             Began as a Tengu Berserker on Oct 25, 2022.
             Was an Elder of Trog.
             Slain by an ice beast (3 damage)
             ... on level 7 of the Dungeon.
             The game lasted 00:07:43 (6468 turns).

ytrimaz the Nimble (Tengu Berserker)                Turns: 6468, Time: 00:07:44

Health: 0/59       AC:  3    Str: 21    XL:     9   Next: 71%
Magic:  0/10       EV: 19    Int:  8    God:    Trog [****..]
Gold:   429        SH:  0    Dex: 14    Spells: 8/8 levels left

rFire   . . .      SeeInvis .    j - +7 scimitar "Picocva" {speed, Stlth+}
rCold   . . .      Faith    .    (no shield)
rNeg    + . .      Spirit   +    b - +0 animal skin
rPois   .          Reflect  .    (helmet restricted)
rElec   .          Harm     .    h - +0 cloak
rCorr   .          Rampage  .    (no gloves)
Will    .....                    (boots unavailable)
Stlth   ++........               g - amulet of guardian spirit
HPRegen 0.29/turn                v - ring of positive energy
MPRegen 0.12/turn                (no ring)

@: on berserk cooldown, flying quickly and evasively, slowed, very slow
A: beak, talons 3, nimble flight
a: Renounce Religion, Berserk, Trog's Hand, Brothers in Arms


You were on level 7 of the Dungeon.
You worshipped Trog.
Trog was greatly pleased with you.
You visited 2 branches of the dungeon, and saw 8 of its levels.

You collected 429 gold pieces.


Innate Abilities, Weirdness & Mutations

You have a beak for a mouth.
You have claws for feet.
Your magical nature lets you fly swiftly and evasively.


   Skills:
 + Level 8.1 Fighting
 + Level 3.0 Long Blades
 - Level 8.1 Axes
 - Level 3.0 Armour
 + Level 8.4 Dodging


You had 8 spell levels left.
You didn't know any spells.
Your spell library was empty.

Inventory:

Hand Weapons
 a - a +0 hand axe
 j - the +7 scimitar "Picocva" (weapon) {speed, Stlth+}
   (You found it on level 6 of the Dungeon)

   Attacks with this weapon are significantly faster.
   Stlth:     It makes you more stealthy.
Armour
 b - a +0 animal skin (worn)
 h - a +0 cloak (worn)
   (You found it on level 2 of the Dungeon)
Jewellery
 g - an amulet of guardian spirit (around neck)
   (You found it on level 3 of the Dungeon)
 v - a ring of positive energy (left hand)
   (You found it on level 5 of the Dungeon)
Wands
 r - a wand of acid (6)
   (You found it on level 4 of the Dungeon)
Scrolls
 e - a scroll of enchant weapon
 f - a scroll of magic mapping
 o - 3 scrolls of teleportation
 w - a scroll of fear
 y - 3 scrolls of blinking
Potions
 c - a potion of haste {unknown}
 d - 4 potions of cancellation
 i - a potion of invisibility {unknown}
 k - 3 potions of brilliance {unknown}
 l - 2 potions of berserk rage {unknown}
 m - 2 potions of flight {unknown}
 n - 2 potions of attraction {unknown}
 p - a potion of heal wounds
 q - a potion of magic {unknown}
 s - a potion of degeneration {unknown}
 t - a potion of resistance {unknown}
 u - 2 potions of curing
 x - 4 potions of might

Dungeon Overview and Level Annotations

Branches:
Dungeon (7/15) Zot: 24344  Temple (1/1) D:5 Zot: 5998

Altars:
Cheibriados
Elyvilon
Hepliaklqana
Kikubaaqudgha
Makhleb
Qazlal
Sif Muna
Trog
Uskayaw
Wu Jian
Yredelemnul
Zin
The Shining One

Shops:
D:1 :

Annotations:
D:4 2 runed translucent doors

#...#.........##.......#
##..##..........#..######
####...#...####....##.# #
#.....##..##?!###...#.# ##
#.###.#..##.....##..#.## .##
#.....#..# ..=..!#..#..# #.##
#..##.#..## .....#..##.#
##.###..##.##..###........#.# #
#<...)).....#...@Y.......##.#
##
.#####..###.##..Y####..###..#
##. ....##..#
#..#####..####...## #.#
###.##..# ##.............###
##. #.##..# ######...###### ##
#.##..# #.##### #
#.##..#########.....# #
#.##.............)..###########
#.###.#########................


You could see 2 ice beasts.


Message History

Trog accepts your kill.
Trog appreciates your killing of a magic user.
You feel sick.
Your Long Blades skill increases to level 2!
Your Dodging skill increases to level 8! 😕 HP[+1]
You now have 88 max hp (+3).
Unknown command.
You feel sick. The white imp misses you. The ice beast hits you.
The ice beast freezes you! 😮 HP[-16] MP[-2]
You take 16 damage, and now have 52/88 hp.
You lost 2 mp, and now have 7/10 mp.
You slice the ice beast!!
You feel sick. 😮 HP[-1]
You take 1 damage, and now have 51/88 hp.
Unknown command.
You closely miss the ice beast. You claw the ice beast!
You feel the power of Trog in you as your rage grows.
You kill the ice beast!
Trog accepts your kill.
You feel sick. The white imp gestures at you. The puff of frost hits you.
Your Fighting skill increases to level 8! 😮 HP[-3] MP[-1]
You take 3 damage, and now have 48/88 hp.
You lost 1 mp, and now have 6/10 mp.
You feel sick.
The white imp completely misses you. 😮 HP[-1]
You take 1 damage, and now have 47/88 hp.
You completely miss the white imp. You claw the white imp.
You feel sick.
Unknown command.
You slash the white imp!
You kill the white imp!
Trog accepts your kill.
You can now call in reinforcements.
You feel sick.
You feel sick.
Unknown command.
You feel a strong urge to attack something.
You feel sick. 😮 HP[-1]
You take 1 damage, and now have 46/88 hp.
You slice the centaur simulacrum!! Trog accepts your kill.
You feel sick.
Your Long Blades skill increases to level 3!
You slash the centaur simulacrum!
Trog accepts your kill. 😮 HP[+1] Unknown command.
Really fly into that cloud of freezing vapour?
Okay, then.
You are no longer berserk.
You are exhausted.
You feel yourself slow down.
You feel sick. 😮 HP[-16]
You now have 59 max hp (-29).
You feel sick. 😮 HP[+1] MP[+1]
You feel the effects of Trog's Hand fading.
You feel sick.
You feel sick.
You are no longer poisoned.
The ice beast closely misses you. 😮 HP[+1] 😮 HP[+2]
You regained 2 hp, and now have 35/59 hp.
Unknown command.
The ice beast attacks as you move away! The ice beast hits you.
The ice beast freezes you.
* * * LOW HITPOINT WARNING * * *
😮 HP[-4] MP[-1]
You take 4 damage, and now have 31/59 hp.
You lost 1 mp, and now have 6/10 mp.
You slash the ice beast! You claw the ice beast.
You peck the ice beast, but do no damage.
Your skin stops crawling.
You feel less strong-willed. The ice beast hits you. The ice beast freezes you!
* * * LOW HITPOINT WARNING * * *
The ice beast hits you.
* * * LOW HITPOINT WARNING * * *
The ice beast freezes you.
* * * LOW HITPOINT WARNING * * *
😱 HP[-20] MP[-3]
You take 20 damage, and now have 11/59 hp.
MASSIVE DAMAGE!! (PAUSE)
You lost 3 mp, and now have 3/10 mp.
You hit the ice beast.
Your kick misses the ice beast. 😱 HP[+1] MP[+1]
You hit the ice beast. You peck the ice beast. The ice beast misses you.
Unknown command.
You closely miss the ice beast. You peck the ice beast. The ice beast hits you.
* * * LOW HITPOINT WARNING * * *
The ice beast freezes you!
* * * LOW HITPOINT WARNING * * *
The ice beast hits you.
You die...

Skill      XL: |  1  2  3  4  5  6  7  8  9 |
---------------+----------------------------+-----
Dodging        | 3 4 5 7 8 |  8.4
Armour         | 3 |  3.0
Axes           | 4 5 6 7 8 |  8.1
Fighting       | 4 5 7 8 |  8.1
Long Blades    | 3 |  3.0

Action                   |  1- 3 |  4- 6 |  7- 9 || total
-------------------------+-------+-------+-------++-------
Melee: Hand axe          |    54 |    90 |   194 ||   338
       Kick              |    13 |    14 |    66 ||    93
       Peck              |     7 |    11 |    39 ||    57
       Punch             |       |       |     1 ||     1
       Scimitar          |       |       |    34 ||    34
Invok: Berserk           |     1 |     4 |     7 ||    12
       Trog's Hand       |       |       |     1 ||     1
  Use: Scroll            |     3 |     2 |     4 ||     9
       Potion            |       |     5 |       ||     5
 Stab: Sleeping          |       |     2 |     3 ||     5
       Distracted        |       |       |     1 ||     1
Armor: Animal skin       |     9 |    18 |    31 ||    58
Dodge: Dodged            |    35 |    85 |   220 ||   340

Levels and vault maps discovered:
D:1:      heliophobic_arrival_dark_side_of_the_moon, layout_loops_ring,
          grunt_decor_clamped, nicolae_shop_vocational
D:2:      layout_loops_corners, minmay_tall_x
D:3:      layout_basic, nicolae_tso_besieged_by_evil, led_sif_book,
          ebering_dispersal_statue_hall, uniq_sigmund
D:4:      layout_basic, makhleb_heckhound_becter, tgw_kikubaaqudgha,
          lemuel_crystal_altar, jmf_multi_god_temple2, uniq_menkaure
D:5:      layout_rooms, lemuel_crystal_altar,
          minmay_temple_entry_statues_pillars, minmay_misc_feat_columns
D:6:      layout_cave_pools, serial_rivers, chequers_serial_rivers_small_a,
          chequers_serial_rivers_small_b, chequers_serial_rivers_large_b,
          chequers_serial_rivers_room_a, chequers_serial_rivers_marsh
D:7:      layout_loops_ring, trog_book, gammafunk_ghost_icy
Temple:   hellmonk_temple_micro_hex

Notes
Turn   | Place    | Note
-------+----------+-------------------------------------------
     0 | D:1      | ytrimaz the Tengu Berserker began the quest for the Orb.
     0 | D:1      | Reached XP level 1. HP: 14/14 MP: 2/2
     0 | D:1      | magus.rc [v1.9.6]
   338 | D:1      | Reached XP level 2. HP: 19/19 MP: 3/3
   553 | D:1      | Found Satyig's Vocational Training.
   984 | D:2      | Reached XP level 3. HP: 23/23 MP: 4/4
  1140 | D:2      | Reached ** piety under Trog
  1435 | D:2      | Reached skill level 3 in Dodging
  1435 | D:2      | Reached XP level 4. HP: 28/28 MP: 5/5
  1483 | D:2      | Reached skill level 3 in Armour
  1865 | D:3      | Reached skill level 4 in Axes
  1951 | D:3      | Found a glowing golden altar of the Shining One.
  1954 | D:3      | Noticed Sigmund
  1957 | D:3      | Gained mutation: Your magical nature lets you fly swiftly
                  | and evasively. [Tengu growth]
  1957 | D:3      | Reached XP level 5. HP: 33/33 MP: 6/6
  1968 | D:3      | HP: 8/33 [something/magic dart (8)]
  1981 | D:3      | Reached skill level 4 in Fighting
  1982 | D:3      | Killed Sigmund
  1983 | D:3      | Reached skill level 5 in Axes
  1983 | D:3      | Reached skill level 4 in Dodging
  1983 | D:3      | Reached XP level 6. HP: 13/39 MP: 7/7
  2561 | D:3      | Found a shimmering blue altar of Sif Muna.
  2587 | D:3      | HP: 3/39 [orc wizard] (9)]
  2590 | D:3      | Reached *** piety under Trog
  3010 | D:4      | Found a large runed translucent door.
  3011 | D:4      | Found a large runed translucent door.
  3049 | D:4      | Noticed Menkaure
  3058 | D:4      | Killed Menkaure
  3059 | D:4      | Reached skill level 5 in Fighting
  3059 | D:4      | Reached skill level 5 in Dodging
  3059 | D:4      | Reached XP level 7. HP: 29/44 MP: 3/8
  3369 | D:4      | Identified the +2 leather armour of Gallantry {Harm Rampage
                  | rPois rF-}
  3466 | D:4      | Reached skill level 6 in Axes
  3583 | D:4      | Found a hide-covered altar of Uskayaw.
  3590 | D:4      | You are sucked into a shaft and drop 3 floors!
  3644 | D:5      | Entered Level 5 of the Dungeon
  3747 | D:4      | Reached XP level 8. HP: 50/51 MP: 9/9
  3749 | D:4      | Found a burning altar of Makhleb.
  3803 | D:4      | Found an ancient bone altar of Kikubaaqudgha.
  3985 | D:5      | Reached skill level 6 in Dodging
  3989 | D:5      | Reached skill level 6 in Fighting
  4108 | D:5      | Found a staircase to the Ecumenical Temple.
  4323 | D:5      | Found a snail-covered altar of Cheibriados.
  4478 | D:5      | Reached skill level 7 in Axes
  4860 | Temple   | Entered the Ecumenical Temple
  4903 | D:6      | Reached skill level 7 in Dodging
  5027 | D:6      | Reached skill level 7 in Fighting
  5027 | D:6      | Reached XP level 9. HP: 57/57 MP: 7/10
  5094 | D:6      | Reached skill level 8 in Axes
  5099 | D:6      | Identified the +7 scimitar "Picocva" {speed, Stlth+}
  5670 | D:7      | Found a runed translucent gate.
  5670 | D:7      | Found a runed translucent gate.
  5670 | D:7      | Found a runed translucent gate.
  5980 | D:7      | Noticed pokeman's ghost (novice DEHW)
  6141 | D:7      | Found a bloodstained altar of Trog.
  6292 | D:7      | Reached skill level 1 in Long Blades
  6429 | D:7      | Reached **** piety under Trog
  6448 | D:7      | Killed pokeman's ghost
  6449 | D:7      | Reached skill level 2 in Long Blades
  6449 | D:7      | Reached skill level 8 in Dodging
  6452 | D:7      | Reached skill level 8 in Fighting
  6458 | D:7      | Reached skill level 3 in Long Blades
  6465 | D:7      | HP: 11/59 [ice beast (5)]
  6468 | D:7      | HP: 3/59 [ice beast (7)]
  6468 | D:7      | Slain by an ice beast

Vanquished Creatures
  The ghost of pokeman the Thaumaturge, a novice DEHW (D:7)
  Sigmund (D:3)
  A steam dragon (D:6)
  Menkaure (D:4)
  An ice beast (D:7)
  3 black bears
  An ogre (D:4)
  2 phantoms (D:5)
  A bullfrog (D:4)
  4 scorpions
  5 wights (D:6)
  3 howler monkeys
  A crimson imp (D:3)
  2 orc priests
  5 hounds
  An iguana (D:5)
  4 orc wizards
  2 centaur simulacra (D:7)
  A bullfrog simulacrum (D:7)
  4 gnolls (D:4)
  7 adders
  A shadow imp (D:6)
  5 white imps
  An ufetubus (D:6)
  2 worms (D:2)
  5 dart slugs
  26 orcs
  2 bats
  10 endoplasms
  2 giant cockroaches
  4 goblins
  11 hobgoblins
  3 jackals (D:3)
  6 kobolds
  4 quokkas
  7 ball pythons
  6 frilled lizards
  2 goblin skeletons (D:3)
  2 hobgoblin zombies (D:3)
  A kobold zombie (D:3)
  3 orc zombies (D:3)
  4 rats
158 creatures vanquished.

Vanquished Creatures (others)
  A human (D:4)
1 creature vanquished.

Grand Total: 159 creatures vanquished

Table legend:
 A = Non-vault XP
 B = Vault XP
 C = Vault XP percentage of total XP
 D = Non-vault monster count
 E = Vault monster count
 F = Vault count percentage of total count
                 A         B        C        D         E       F
            +---------+---------+-------+---------+---------+-------
      Total |    2567 |    1421 |  35.6 |     132 |      26 |  16.5
            +---------+---------+-------+---------+---------+-------
        D:1 |      31 |       0 |   0.0 |      18 |       0 |   0.0
        D:2 |      50 |      20 |  28.6 |      16 |       4 |  20.0
        D:3 |     100 |     359 |  78.2 |      25 |      12 |  32.4
        D:4 |     479 |     209 |  30.4 |      18 |       2 |  10.0
        D:5 |     848 |       0 |   0.0 |      32 |       0 |   0.0
        D:6 |     822 |       0 |   0.0 |      13 |       0 |   0.0
        D:7 |     237 |     833 |  77.9 |      10 |       8 |  44.4
            +---------+---------+-------+---------+---------+-------

Illustrated notes

Table legend:
 A = Kills in this place as a percentage of kills in entire the game.
 B = Kills by you in this place as a percentage of kills by you in the entire game.
 C = Kills by friends in this place as a percentage of kills by friends in the entire game.
 D = Other kills in this place as a percentage of other kills in the entire game.
 E = Experience gained in this place as a percentage of experience gained in the entire game.
 F = Experience gained in this place divided by the number of levels of this place that you have seen.
                   A       B       C       D       E      F
               +-------+-------+-------+-------+-------+----------------------
         Total | 100.0 | 100.0 |   N/A |   N/A | 100.0 | 498.5
       Dungeon | 100.0 | 100.0 |   N/A |   N/A | 100.0 | 569.7
               +-------+-------+-------+-------+-------+----------------------

Table legend: (Time is in decaauts)
 A = Elapsed time spent in this place.
 B = Non-inter-level travel time spent in this place.
 C = Inter-level travel time spent in this place.
 D = Time resting spent in this place.
 E = Time spent auto-exploring this place.
 F = Levels seen in this place.
 G = Mean time per level.
                   A        B        C        D        E       F      G
               +--------+--------+--------+--------+--------+-----+--------+
         Total |   6283 |   5985 |    298 |    119 |   4866 |   8 |  785.4 |
       Dungeon |   6282 |   5984 |    298 |    119 |   4866 |   7 |  897.4 |
        Temple |      1 |      1 |      0 |      0 |      0 |   1 |    1.0 |
               +--------+--------+--------+--------+--------+-----+--------+

Top non-repeatable levels by time:
     D:4: 1015 daAuts
     D:1: 971 daAuts
     D:3: 969 daAuts
     D:2: 907 daAuts
     D:5: 902 daAuts
     D:7: 848 daAuts
     D:6: 667 daAuts
  Temple: 1 daAuts
